 Dungeon Crawl Stone Soup version 0.21.1-1-g345015f (webtiles) character file.

11 glosham the Insei (level 2, 9/14 HPs)
             Began as a Vine Stalker Transmuter on June 3, 2018.
             Quit the game on level 2 of the Dungeon.
             The game lasted 00:04:08 (267 turns).

glosham the Insei (Vine Stalker Transmuter)          Turns: 267, Time: 00:04:08

Health: 9/14       AC:  2    Str: 12    XL:     2   Next: 29%
Magic:  6/6        EV: 12    Int: 13    God:
Gold:   16         SH:  0    Dex: 14    Spells: 4/5 levels left

rFire    . . .     SeeInvis .     - Unarmed
rCold    . . .     Gourm    .   (no shield)
rNeg     . . .     Faith    .   b - +0 robe
rPois    .         Spirit   +   (no helmet)
rElec    .         Reflect  .   (no cloak)
rCorr    .         Harm     .   (no gloves)
MR       .....                  (no boots)
Stlth    +.........             (no amulet)
HPRegen  0.04/turn              (no ring)
MPRegen  0.10/turn              (no ring)

@: no status effects
A: fangs 2, magic shield, antimagic bite, no potion heal 3, rot immunity
a: no special abilities


You were on level 2 of the Dungeon.
You were not hungry.

You visited 1 branch of the dungeon, and saw 2 of its levels.

You collected 16 gold pieces.

Inventory:

Missiles
 a - 38 arrows
Armour
 b - a +0 robe (worn)
Potions
 e - a potion of might {unknown}
Books
 c - a book of Changes

   Spells                             Type                      Level
   a - Beastly Appendage              Transmutation                1
   b - Sticks to Snakes               Transmutation                2
   c - Spider Form                    Transmutation/Poison         3
   d - Ice Form                       Ice/Transmutation            4
   e - Blade Hands                    Transmutation                5
Comestibles
 d - 2 rations


   Skills:
 + Level 1.3 Fighting
 - Level 1.5 Dodging
 * Level 3.4 Unarmed Combat
 - Level 2.1 Spellcasting
 - Level 2.0 Transmutations


You had 4 spell levels left.
You knew the following spells:

 Your Spells              Type           Power        Failure   Level  Hunger
z - Beastly Appendage     Tmut           #.....       11%         1    ##.....


Dungeon Overview and Level Annotations

Branches:
Dungeon (1/15)

Altars:

Annotations:
D:2 Terence


Innate Abilities, Weirdness & Mutations

You have extremely sharp teeth.
When hurt, damage is shared between your health and your magic reserves.
Your bite disrupts and absorbs the magic of your enemies.
Potions cannot restore your health.
You are immune to rotting.


Message History

Your transformation is almost over.
The kobold shouts!
You see here a scroll labeled XOESAS UTRONAE.
f - a scroll labeled XOESAS UTRONAE You barely miss the kobold.
You kill the kobold!
Found a mace.
Your talons disappear.
You see here a gold piece.
You now have 16 gold pieces (gained 1).
Found 26 arrows.
You see here 26 arrows.
a - 38 arrows (gained 26)
A leopard gecko, a goblin and Terence come into view.
The leopard gecko hisses angrily.
Casting: Beastly Appendage
Confirm with . or Enter, or press ? or * to list all spells.
You grow a pair of large bovine horns.
You barely miss the leopard gecko. Your headbutt misses the leopard gecko.
Your bite misses the leopard gecko. The leopard gecko closely misses you.
You miss the leopard gecko. The leopard gecko bites you.
You closely miss the leopard gecko. Your headbutt misses the leopard gecko.
You bite the leopard gecko, but do no damage.
The leopard gecko bites you.
You miss the leopard gecko. Your bite misses the leopard gecko.
The leopard gecko bites you but does no damage.
You closely miss the leopard gecko. You bite the leopard gecko.
You drain its power.
You feel invigorated.
The leopard gecko is moderately wounded.
The leopard gecko bites you.
You hit the leopard gecko.
You kill the leopard gecko!
Okay, then.
Your transformation is almost over.
Your horns disappear.
As you read the scroll labeled XOESAS UTRONAE, it crumbles to dust.
It is a scroll of amnesia.
Okay, then.
Unknown command.
Are you sure you want to abandon this character and quit the game? (Confirm with "yes".)

##.# ##..# ##..##
#..## #.## ##.# ###♣
♣♣##..# ## ##..♣
♣....#####. ##..@♣♣
♣♣♣....##....
#.....♣♣♣.........###
#.).............###
#...............#
#.......).......#
#...............#
#...............#
##.............##
##.....#.....##


There were no monsters in sight!

Vanquished Creatures
  2 leopard geckos (D:2)
  2 giant cockroaches (D:2)
  A hobgoblin (D:1)
  2 kobolds (D:2)
  2 rats
9 creatures vanquished.

Notes
Turn   | Place    | Note
-------+----------+-------------------------------------------
     0 | D:1      | glosham the Vine Stalker Transmuter began the quest for the Orb.
     0 | D:1      | Reached XP level 1. HP: 9/9 MP: 4/4
    97 | D:1      | Reached skill level 1 in Fighting
   103 | D:1      | You fall through a shaft!
   163 | D:2      | Reached XP level 2. HP: 9/14 MP: 4/6
   237 | D:2      | Noticed Terence
   267 | D:2      | Quit the game

Skill      XL: |  1 |
---------------+----+-----
Fighting       | 1 |  1.3
Dodging        | |  1.5
Unarmed Combat | |  3.4
Spellcasting   | |  2.1
Transmutations | |  2.0

Action                   || total
-------------------------++-------
Melee: Unarmed           ||    18
       Kick              ||     4
       Bite              ||     4
       Punch             ||     1
 Cast: Beastly Appendage ||     6
  Use: Scroll            ||     1
Armor: Robe              ||     3
Dodge: Dodged            ||     6

Table legend:
 A = Turns spent in this place as a percentage of turns spent in the entire game.
 B = Non-inter-level travel turns spent in this place as a percentage of non-inter-level travel turns spent in the entire game.
 C = Inter-level travel turns spent in this place as a percentage of turns spent in this place.
 D = Turns resting spent in this place as a percentage of non-inter-level travel turns spent in this place.
 E = Turns spent auto-exploring this place as a percentage of non-inter-level travel turns spent in this place.
 F = Non-inter-level travel turns spent in this place divided by the number of levels of this place that you've seen.
                   A       B       C       D       E      F
               +-------+-------+-------+-------+-------+----------------------
         Total | 100.0 | 100.0 |   0.0 |   0.0 |   0.0 | 133.5
       Dungeon | 100.0 | 100.0 |   0.0 |   0.0 |   0.0 | 133.5
               +-------+-------+-------+-------+-------+----------------------

Table legend:
 A = Kills in this place as a percentage of kills in entire the game.
 B = Kills by you in this place as a percentage of kills by you in the entire game.
 C = Kills by friends in this place as a percentage of kills by friends in the entire game.
 D = Other kills in this place as a percentage of other kills in the entire game.
 E = Experience gained in this place as a percentage of experience gained in the entire game.
 F = Experience gained in this place divided by the number of levels of this place that you have seen.
                   A       B       C       D       E      F
               +-------+-------+-------+-------+-------+----------------------
         Total | 100.0 | 100.0 |   N/A |   N/A | 100.0 |   8.5
       Dungeon | 100.0 | 100.0 |   N/A |   N/A | 100.0 |   8.5
               +-------+-------+-------+-------+-------+----------------------

Vault maps used:
D:1:      minmay_arrival_wavy_path
D:2:      serial_forest, infiniplex_forest_end_1, infiniplex_forest_end_3,
          infiniplex_forest_end_2, infiniplex_forest_lined_3_way,
          infiniplex_forest_straight_3, infiniplex_forest_end_1,
          infiniplex_forest_zigzag_1, infiniplex_forest_clump_small,
          minmay_large_rounded_square, uniq_sigmund, uniq_terence, uniq_natasha
